 Dungeon Crawl Stone Soup version 0.28-a0-1435-g82390b3a13 (webtiles) character file.

Game seed: 11651932013899749904

251162 karrick the Peltast (level 20, -8/131 HPs)
             Began as a Gargoyle Fighter on Jan 9, 2022.
             Was the Champion of Okawaru.
             Killed from afar by a Hell Sentinel (37 damage)
             ... with damnation
             ... on level 2 of the Abyss.
             The game lasted 01:58:05 (45343 turns).

karrick the Peltast (Gargoyle Fighter)             Turns: 45343, Time: 01:58:06

Health: -8/131     AC: 45    Str: 31    XL:     20   Next: 9%
Magic:  24/25      EV: 14    Int: 23    God:    Okawaru [******]
Gold:   3361       SH: 32    Dex: 16    Spells: 19/19 levels left

rFire   + . .      SeeInvis .   s - +4 morningstar of Action {vorpal, rC+}
rCold   + . .      Faith    .   a - +8 tower shield of Hedge Wizardry {rF+ Will+ Int+2 Stlth-}
rNeg    + . .      Spirit   .   n - +18 Lear's hauberk
rPois   ∞          Reflect  .   (helmet currently unavailable)
rElec   +          Harm     .   l - +0 cloak
rCorr   +          Rampage  .   (gloves currently unavailable)
Will    ++...      Rnd*Tele +   (boots currently unavailable)
Stlth   ..........              (no amulet)
HPRegen 0.31/turn               H - ring "Hetig" {Drain rCorr Str+6 Int+8 Dex+5}
MPRegen 0.19/turn               h - +6 ring of strength

@: heroic, flying, studying 2 skills
A: sickness immunity, AC +15, big wings, negative energy resistance 1,
electricity resistance, torment resistance 1, petrification resistance, [clumsy
2], [deformed body], [low mp 2], [teleportitis 2], [subdued magic 2]
}: 1/15 runes: barnacled
a: Renounce Religion, Heroism, Finesse, Duel


You were on level 2 of the Abyss.
You worshipped Okawaru.
Okawaru was exalted by your worship.
You visited 6 branches of the dungeon, and saw 31 of its levels.
You visited the Abyss 1 time.
You also visited: Ice Cave and Volcano.

You collected 3475 gold pieces.
You spent 114 gold pieces at shops.

Inventory:

Hand Weapons
 b - a +2 demon whip of flaming
 s - the +4 morningstar of Action (weapon) {vorpal, rC+}
   (You found it on level 6 of the Dungeon)

   It inflicts extra damage upon your enemies.
   rC:        It protects you from cold.
 E - the +8 whip "Snakebite" {venom, curare, rPois}
   (You took it off a deep elf zephyrmancer on level 3 of the Elven Halls)

   It poisons the flesh of those it strikes.
   It occasionally inflicts asphyxiating poison on those it strikes, dealing
   poison damage and causing slowness.
   rPois:     It protects you from poison.
 J - a +0 spectral broad axe
 T - the +8 longbow of Conflict {flame, Int+4 Stlth+}
   (Okawaru gifted it to you on level 2 of the Lair of Beasts)

   Any ammunition fired from it burns those it strikes, dealing additional fire
   damage.
   Int:       It affects your intelligence (+4).
   Stlth:     It makes you more stealthy.
 V - the +7 war axe of Fate {pain, Fly Will+ Str+7}
   (Okawaru gifted it to you on level 3 of the Lair of Beasts)

   In the hands of one skilled in necromantic magic, it inflicts extra damage on
   living creatures.
   Str:       It affects your strength (+7).
   Fly:       It grants you flight.
   Will:      It increases your willpower.
Missiles
 A - 21 boomerangs (quivered)
Armour
 a - the +8 tower shield of Hedge Wizardry (worn) {rF+ Will+ Int+2 Stlth-}
   (Okawaru gifted it to you on level 12 of the Dungeon)

   Int:       It affects your intelligence (+2).
   rF:        It protects you from fire.
   Will:      It increases your willpower.
   Stlth:     It makes you less stealthy.
 l - a +0 cloak (worn)
 n - the +18 Lear's hauberk (worn)
   (You found it on level 4 of the Dungeon)
 x - a +1 pair of boots of rampaging
 B - the +8 orange crystal plate armour {Archmagi, Int+3 Clar}
   (You acquired it on level 7 of the Dungeon)

   Int:       It affects your intelligence (+3).
   Clar:      It protects you against confusion.
 O - the +4 plate armour of Xeih {rC+ Regen+ Int+2}
   (Okawaru gifted it to you on level 1 of the Elven Halls)

   Int:       It affects your intelligence (+2).
   rC:        It protects you from cold.
   Regen:     It increases your rate of health regeneration.
 Q - the +2 helmet of Life {Stlth+}
   (You found it on level 5 of the Lair of Beasts)

   Stlth:     It makes you more stealthy.
 Y - a +2 pair of gloves of hurling
Jewellery
 h - a +6 ring of strength (right hand)
 j - a ring of see invisible
 w - a ring "Atuvig" {rF+ Int+8}
   (You found it on level 1 of the Elven Halls)

   [ring of protection from fire]

   Int:       It affects your intelligence (+8).
   rF:        It protects you from fire.
 H - the ring "Hetig" (left hand) {Drain rCorr Str+6 Int+8 Dex+5}
   (You found it on level 4 of the Shoals)

   [ring of strength]

   Str:       It affects your strength (+6).
   Int:       It affects your intelligence (+8).
   Dex:       It affects your dexterity (+5).
   rCorr:     It protects you from acid and corrosion.
   Drain:     It drains your maximum health when unequipped.
 I - a +6 ring of dexterity
 L - a ring of protection from cold
 Z - a ring of willpower
Wands
 c - a wand of iceblast (14)
 u - a wand of mindburst (11)
 U - a wand of digging (21)
 W - a wand of polymorph (28)
Scrolls
 d - 6 scrolls of fog
 f - 2 scrolls of enchant weapon
 g - 8 scrolls of magic mapping
 k - a scroll of blinking {unknown}
 q - a scroll of holy word
 y - 4 scrolls of fear
 D - 3 scrolls of torment
 F - 2 scrolls of summoning {unknown}
 G - 3 scrolls of enchant armour
 K - 11 scrolls of teleportation
 M - 4 scrolls of amnesia
 X - 4 scrolls of silence
Potions
 e - 5 potions of heal wounds
 i - 3 potions of might
 m - 3 potions of cancellation
 o - 16 potions of curing
 p - 8 potions of lignification
 r - 5 potions of haste
 v - 10 potions of ambrosia
 z - a potion of invisibility
 C - 2 potions of resistance
 N - 6 potions of brilliance
 R - a potion of magic
 S - 4 potions of mutation
Miscellaneous
 t - a phial of floods
 P - a tin of tremorstones (2/2)


   Skills:
 + Level 15.6(20.6) Fighting
 + Level 3.2(16.5) Axes
 + Level 18.4(23.5) Maces & Flails
 + Level 13.7(18.7) Armour
 + Level 6.1(11.1) Dodging
 + Level 4.0(9.0) Stealth
 + Level 18.8(23.8) Shields
 * Level 15.7 Invocations
 - Level 1.1 Evocations


You had 19 spell levels left.
You didn't know any spells.
Your spell library contained the following spells:

 Spells                   Type           Power      Damage    Failure   Level
 Freeze                   Ice            0%         1d3       43%         1
 Blink                    Tloc           0%         N/A       56%         2
 Ensorcelled Hibernation  Hex/Ice        0%         N/A       56%         2
 Static Discharge         Conj/Air       0%         N/A       56%         2
 Wereblood                Tmut           0%         N/A       56%         2
 Dazzling Flash           Conj/Hex       0%         N/A       82%         3
 Frozen Ramparts          Ice            0%         1d2       82%         3
 Lesser Beckoning         Tloc           0%         N/A       82%         3
 Mephitic Cloud           Conj/Pois/Air  0%         N/A       82%         3
 Portal Projectile        Hex/Tloc       0%         N/A       82%         3
 Spider Form              Tmut/Pois      0%         N/A       82%         3
 Stone Arrow              Conj/Erth      0%         3d7       82%         3
 Airstrike                Air            0%         N/A       99%         4
 Hailstorm                Conj/Ice       0%         3d3       99%         4
 Iskenderun's Mystic Bla  Conj/Tloc      0%         2d3       99%         4
 Agony                    Necr           0%         N/A       100%        5
 Alistair's Intoxication  Tmut/Pois      0%         N/A       100%        5
 Borgnjor's Vile Clutch   Necr/Erth      0%         N/A       100%        5
 Lightning Bolt           Conj/Air       0%         1d11      100%        5
 Manifold Assault         Tloc           0%         N/A       100%        5
 Silence                  Hex/Air        0%         N/A       100%        5
 Eringya's Noxious Bog    Tmut/Pois      0%         N/A       100%        6
 Starburst                Conj/Fire      0%         6d3       100%        6
 Lehudib's Crystal Spear  Conj/Erth      0%         10d2      100%        8
 Maxwell's Capacitive Co  Air            0%         ∞         100%        8
 Sublimation of Blood     Necr           Unusable   N/A       N/A         2
 Animate Armour           Summ/Erth      Unusable   N/A       N/A         4
 Summon Hydra             Summ           Unusable   N/A       N/A         7

Dungeon Overview and Level Annotations

Branches:
Dungeon (15/15)            Temple (1/1) D:4            Lair (6/6) D:9
 Shoals (4/4) Lair:4       Spider (0/4) Lair:2        Slime (0/5) Lair:6
    Orc (2/2) D:9             Elf (3/3) Orc:2        Vaults (0/5) D:13
 Depths (0/4) D:15          IceCv (visited)         Volcano (visited)

Altars:
Ashenzari
Cheibriados
Dithmenos
Elyvilon
Fedhas
Gozag
Hepliaklqana
Kikubaaqudgha
Makhleb
Nemelex Xobeh
Okawaru
Qazlal
Ru
Sif Muna
Trog
Uskayaw
Vehumet
Wu Jian
Xom
Yredelemnul
Zin
The Shining One
Beogh
Jiyva

Shops:
D:10 !   Orc:1 [   Orc:2 [[=*   Shoals:2 !

Portals:
Abyss: D:12

Annotations:
D:12 2 transporters, Ickauwoh's ghost, journeyman DrAE
Lair:5 2 transporters, Sidghehi's ghost, journeyman HuFi


Innate Abilities, Weirdness & Mutations

You are immune to sickness and miasma.
Your stone body is resilient. (AC +15)
You are immune to poison.
Your large and strong wings let you fly.
You resist negative energy. (rN+)
You are resistant to electric shocks. (rElec)
You are resistant to unholy torment.
You are immune to petrification.
[You are very clumsy. (Dex -4)]
[Armour fits poorly on your strangely shaped body.]
[Your magical capacity is very low. (-20% MP)]
[You are sometimes teleported next to monsters.]
[Your spells are easier to cast, but less powerful.]


Message History

You destroy the starcursed mass!
That felt strangely unrewarding.
Okawaru accepts your kill.
Unknown command.
You reach down and close the door.
You start resting.
You feel like a meek peon again.
You start resting.
A Hell Sentinel coalesces out of pure chaos.
Okay, then.
The Hell Sentinel roars!
You hit the Hell Sentinel but do no damage.
The Hell Sentinel hits you.
The Hell Sentinel hits you but does no damage.
s - the +4 morningstar of Action (weapon)
{vorpal, rC+} You hit the Hell Sentinel but do no damage.
You block the Hell Sentinel's attack. x2
You gain the combat prowess of a mighty hero.
You block the Hell Sentinel's attack. The Hell Sentinel hits you.
You hit the Hell Sentinel but do no damage.
You block the Hell Sentinel's attack. x2
You hit the Hell Sentinel but do no damage.
You bludgeon the Hell Sentinel!!
The Hell Sentinel is lightly wounded.
The Hell Sentinel gestures at you.
The sphere of damnation explodes!
The damnation engulfs you!!!
* * * LOW HITPOINT WARNING * * *
The damnation engulfs the Hell Sentinel.
The Hell Sentinel completely resists.
You hear a roar!
Unknown command.
As you read the scroll of holy word, it crumbles to dust.
You speak a Word of immense power!
The Hell Sentinel convulses!
The Hell Sentinel gestures at you. You block the iron shot.
As you read the scroll of holy word, it crumbles to dust.
You speak a Word of immense power!
The Hell Sentinel convulses!
The Hell Sentinel gestures at you.
The sphere of damnation explodes!
The damnation engulfs you!!!
You die...

. .. ..
#..
########
.. #.....#
...+.....#
# .
.#.....# #
#. .
#.....# ..
#.....# .
.. #..@1.#
#.....# #
.#######.
# # .


You could see a Hell Sentinel (dazed).

Vanquished Creatures
  A deep elf blademaster (Elf:2)
  A deep elf master archer (Elf:3)
  Agnes (Elf:1)
  2 tentacled starspawn (Abyss:2)
  Kirke (Lair:6)
  Donald (Shoals:3)
  3 deep elf sorcerers (Elf:3)
  2 deep elf elementalists (Elf:3)
  A very ugly thing (Abyss:2)
  2 deep elf demonologists (Elf:3)
  4 deep elf annihilators
  A dire elephant (D:15)
  An ettin (shapeshifter) (Elf:2)
  2 deep elf death magi
  A merfolk javelineer (Shoals:4)
  Josephine (Shoals:1)
  10 merfolk impalers
  2 fire dragons
  7 deep elf high priests (Elf:3)
  A rakshasa (Abyss:2)
  4 vault guards
  4 boulder beetles
  14 hydras
  Erolcha (D:13)
  A merfolk avatar (Shoals:4)
  4 centaur warriors
  5 two-headed ogres
  4 catoblepae
  The ghost of oldriver the Geomancer, a novice DgEE (Lair:2)
  4 alligator snapping turtles
  25 dancing weapons
  3 satyrs
  6 tengu warriors
  7 death yaks
  7 merfolk aquamancers
  Urug (Lair:3)
  5 orc high priests
  A thrashing horror (Abyss:2)
  14 deep elf knights
  A sun demon (Abyss:2)
  Sonja (Orc:2)
  2 wretched stars (Abyss:2)
  A sixfirhy (Abyss:2)
  A shadow wraith (Abyss:2)
  4 skeletal warriors
  5 large abominations (Abyss:2)
  A kraken simulacrum (Shoals:4)
  7 sea snakes
  A wizard (D:14)
  7 starcursed masses (Abyss:2)
  5 bog bodies
  A swamp dragon (Lair:6)
  11 deep elf archers
  4 lindwurms (Volcano)
  11 harpies
  A necromancer (IceCv)
  4 orc knights
  27 deep elf pyromancers
  8 cyclopes
  20 deep elf zephyrmancers
  A wolf spider (D:15)
  6 ugly things
  18 manticores
  2 orc sorcerers (Orc:2)
  13 fauns
  10 merfolk sirens
  8 water nymphs
  12 black mambas
  An apocalypse crab (Abyss:2)
  6 elephants
  2 ice statues (IceCv)
  4 gargoyles
  Maurice (D:10)
  2 smoke demons (Volcano)
  2 torpor snails
  A centaur skeleton (Abyss:2)
  3 unseen horrors
  Maggie (D:6)
  4 ice devils (IceCv)
  5 rime drakes
  25 cane toads
  3 freezing wraiths
  10 komodo dragons
  An efreet (Abyss:2)
  4 tengu conjurers
  2 anaconda simulacra (IceCv)
  3 ancient zymes (Abyss:2)
  4 entropy weaver simulacra (IceCv)
  11 polar bears
  6 trolls
  26 merfolk
  5 wind drakes
  A queen bee (Lair:2)
  A tarantella (shapeshifter) (Elf:3)
  A hornet (D:7)
  19 blink frogs
  24 slime creatures
  8 raiju
  13 snapping turtles
  7 dream sheep
  3 jumping spiders (Lair:2)
  A centaur simulacrum (D:13)
  7 air elementals
  6 wraiths
  12 basilisks
  2 shadows (D:9)
  3 dire elephant simulacra (IceCv)
  52 yaks
  3 fire elementals
  3 wyverns
  A vampire (D:10)
  2 ynoxinuls (Abyss:2)
  A spriggan (Lair:4)
  6 hogs
  5 steam dragons
  11 water elementals
  A human (Lair:6)
  A chaos spawn (Abyss:2)
  2 golden eyes (Abyss:2)
  7 vampire mosquitoes
  6 wargs
  3 redbacks (Lair:2)
  A harpy simulacrum (IceCv)
  14 water moccasins
  3 acid dragons
  Duvessa (D:5)
  18 hell hounds
  An ice beast (shapeshifter) (Elf:2)
  23 orc warriors
  4 small abominations (Abyss:2)
  2 sky beasts
  16 black bears
  A swamp drake (Lair:6)
  27 wolves
  A necrophage (D:6)
  6 ogres
  10 centaurs
  A phantom (D:5)
  A kobold brigand (D:8)
  18 bullfrogs
  A wyvern zombie (D:7)
  A gnoll sergeant (D:6)
  4 earth elementals
  3 scorpions
  A water moccasin zombie (D:5)
  Dowan (D:5)
  37 killer bees
  17 wights
  2 elephant simulacra (IceCv)
  8 electric eels
  2 howler monkeys (D:10)
  A crimson imp (Abyss:2)
  2 centaur zombies
  A quasit (Abyss:2)
  2 hounds
  A jelly (Lair:6)
  27 orc priests
  Jessica (D:2)
  A scorpion zombie (D:5)
  7 iguanas
  29 orc wizards
  12 hell rats
  A spriggan simulacrum (IceCv)
  A troll simulacrum (IceCv)
  2 killer bee zombies
  8 ogre zombies (D:9)
  A hound zombie (D:5)
  A hound skeleton (D:5)
  2 howler monkey zombies
  7 gnolls
  8 adders
  A naga simulacrum (IceCv)
  A shadow imp (D:8)
  5 white imps
  3 ufetubi
  4 worms
  A dart slug (D:2)
  51 orcs
  10 ball pythons
  12 bats
  10 endoplasms
  A giant cockroach (D:1)
  5 goblins
  4 hobgoblins
  3 jackals (D:2)
  7 quokkas
  A goblin zombie (D:9)
  4 hobgoblin skeletons (D:9)
  3 hobgoblin zombies (D:9)
  12 kobolds
  2 orc skeletons (D:9)
  15 orc zombies (D:9)
  5 rats
  A lurking horror (Abyss:2)
  2 starspawn tentacles (Abyss:2)
  A tentacle (Shoals:4)
1197 creatures vanquished.

Vanquished Creatures (others)
  A deep elf knight (Elf:2)
  A bullfrog (Lair:3)
  An orc wizard (D:11)
  59 fungi
  206 plants
  5 starspawn tentacles (Abyss:2)
  4 tentacles (Shoals:4)
277 creatures vanquished.

Grand Total: 1474 creatures vanquished

Notes
Turn   | Place    | Note
-------+----------+-------------------------------------------
     0 | D:1      | karrick the Gargoyle Fighter began the quest for the Orb.
     0 | D:1      | Reached XP level 1. HP: 14/14 MP: 1/1
    71 | D:1      | Reached XP level 2. HP: 11/19 MP: 2/2
   386 | D:1      | Found a faded altar of an unknown god.
   682 | D:1      | Reached XP level 3. HP: 22/23 MP: 3/3
   992 | D:2      | Noticed Jessica
   998 | D:2      | Killed Jessica
   999 | D:2      | Reached XP level 4. HP: 14/29 MP: 4/4
  1595 | D:2      | Reached XP level 5. HP: 33/33 MP: 5/5
  2115 | D:3      | Found a hide-covered altar of Uskayaw.
  2615 | D:4      | Reached skill level 1 in Dodging
  2615 | D:4      | Reached XP level 6. HP: 23/38 MP: 6/6
  2874 | D:4      | Found a staircase to the Ecumenical Temple.
  2902 | Temple   | Entered the Ecumenical Temple
  3016 | Temple   | Became a worshipper of Warmaster Okawaru
  3131 | D:4      | Found the +18 Lear's hauberk
  3345 | D:5      | Entered Level 5 of the Dungeon
  3364 | D:5      | Noticed a black bear
  3403 | D:5      | Killed a black bear
  3404 | D:5      | Reached skill level 5 in Fighting
  3404 | D:5      | Reached XP level 7. HP: 38/44 MP: 7/7
  3463 | D:5      | Noticed Dowan
  3464 | D:5      | Noticed Duvessa
  3490 | D:5      | Killed Duvessa
  3491 | D:5      | Reached skill level 5 in Maces & Flails
  3491 | D:5      | Reached skill level 5 in Armour
  3495 | D:5      | Reached * piety under Okawaru
  3496 | D:5      | Reached skill level 1 in Stealth
  3517 | D:5      | Killed Dowan
  3642 | D:5      | Reached XP level 8. HP: 41/49 MP: 8/8
  3931 | D:5      | Reached ** piety under Okawaru
  4468 | D:5      | Found a broken altar of Ashenzari.
  4653 | D:6      | Identified the +4 morningstar of Action {vorpal, rC+}
  4812 | D:6      | Noticed Maggie
  4870 | D:7      | Identified a scroll of acquirement
  4870 | D:7      | Acquired the +8 orange crystal plate armour {Archmagi,
                  | Int+3 Clar}
  4870 | D:7      | Found the +8 orange crystal plate armour {Archmagi, Int+3
                  | Clar}
  5050 | D:7      | Reached skill level 1 in Invocations
  5116 | D:7      | Noticed a hornet
  5122 | D:7      | Killed a hornet
  5263 | D:7      | Reached XP level 9. HP: 54/55 MP: 10/10
  5479 | D:7      | Reached skill level 5 in Shields
  5492 | D:7      | Reached *** piety under Okawaru
  5821 | D:7      | Got Remitoci's Tome of the Several Continents
  6083 | D:8      | Reached **** piety under Okawaru
  6152 | D:7      | Reached XP level 10. HP: 61/61 MP: 13/13
  6270 | D:7      | Found an opulent altar of Gozag.
  6399 | D:8      | Found a snail-covered altar of Cheibriados.
  6433 | D:8      | Identified the +4 dagger of Inconvenience {vorpal, rN+}
  7176 | D:9      | Noticed a death yak
  7176 | D:9      | Noticed an elephant
  7530 | D:10     | Entered Level 10 of the Dungeon
  7533 | D:10     | Killed an elephant
  7533 | D:10     | Noticed an unseen horror
  7534 | D:10     | Reached skill level 5 in Invocations
  7535 | D:10     | Noticed a two-headed ogre
  7544 | D:10     | Found a shimmering altar of Xom.
  7555 | D:10     | Noticed Maurice
  7562 | D:10     | Killed Maurice
  7680 | D:10     | Killed an unseen horror
  7778 | D:10     | Reached ***** piety under Okawaru
  7926 | D:10     | Found a white marble altar of Elyvilon.
  8181 | D:10     | Found Adynil's Distillery.
  8258 | D:10     | Found a blossoming altar of Fedhas.
  8391 | D:10     | Found an ornate altar of the Wu Jian Council.
  8407 | D:10     | Killed a two-headed ogre
  8408 | D:10     | Reached skill level 10 in Maces & Flails
  8515 | D:10     | Found a sparkling altar of Nemelex Xobeh.
  8519 | D:10     | Found a stormy altar of Qazlal.
  8782 | D:11     | Noticed a boulder beetle
  8813 | D:9      | Found a staircase to the Lair.
  8861 | D:9      | Found a staircase to the Orcish Mines.
  8866 | D:9      | Reached XP level 11. HP: 67/67 MP: 15/15
  8923 | D:9      | Received a gift from Okawaru
  9267 | D:9      | Got the Reference Book on the Compass
  9430 | D:9      | Killed a death yak
  9935 | D:12     | Noticed a manticore
  9947 | D:12     | Killed a manticore
 10069 | D:12     | Noticed a brown ugly thing
 10090 | D:11     | Noticed a cyclops
 10111 | D:11     | Killed a cyclops
 10121 | D:11     | Noticed a two-headed ogre
 10336 | D:11     | Killed a boulder beetle
 10337 | D:11     | Reached skill level 1 in Evocations
 10826 | Lair:1   | Entered Level 1 of the Lair of Beasts
 10932 | Lair:1   | Reached ****** piety under Okawaru
 11261 | Lair:1   | Identified the +0 ring mail "Plog" {rC+ rCorr MP+9}
                  | (Okawaru gifted it to you on level 1 of the Lair of Beasts)
 11261 | Lair:1   | Received a gift from Okawaru
 11329 | Lair:1   | Reached XP level 12. HP: 75/75 MP: 16/18
 12018 | Lair:1   | Found a runed translucent door.
 12020 | Lair:1   | Noticed oldriver's ghost (novice DgEE)
 12691 | Lair:2   | Found a hole to the Spider Nest.
 13157 | Lair:2   | Identified the +8 longbow of Conflict {flame, Int+4 Stlth+}
                  | (Okawaru gifted it to you on level 2 of the Lair of Beasts)
 13157 | Lair:2   | Received a gift from Okawaru
 13255 | Lair:2   | Reached skill level 10 in Armour
 13402 | Lair:3   | Reached XP level 13. HP: 50/82 MP: 19/19
 13603 | Lair:3   | Reached skill level 10 in Fighting
 13881 | Lair:3   | Identified the +7 war axe of Fate {pain, Fly Will+ Str+7}
                  | (Okawaru gifted it to you on level 3 of the Lair of Beasts)
 13881 | Lair:3   | Received a gift from Okawaru
 14085 | Lair:3   | Noticed Urug
 14691 | Lair:2   | You are sucked into a shaft and drop 2 floors!
 14748 | Lair:4   | Reached skill level 10 in Invocations
 15082 | Lair:4   | Received a gift from Okawaru
 15814 | Lair:4   | Found a staircase to the Shoals.
 16069 | Lair:5   | Found a dark tunnel.
 16078 | Volcano  | Entered a volcano
 16536 | Volcano  | Gained mutation: Your large and strong wings let you fly.
                  | [Gargoyle growth]
 16536 | Volcano  | Reached XP level 14. HP: 90/90 MP: 21/21
 16603 | Volcano  | Received a gift from Okawaru
 16988 | Lair:5   | You are sucked into a shaft and drop 1 floor!
 16988 | Lair:6   | Entered Level 6 of the Lair of Beasts
 17271 | Lair:6   | Reached skill level 15 in Maces & Flails
 17373 | Lair:5   | Noticed Sidghehi's ghost (journeyman HuFi)
 17385 | Lair:5   | Found a transporter.
 17995 | Lair:5   | Received a gift from Okawaru
 18310 | Lair:5   | Found a transporter.
 18589 | Lair:5   | Identified the +2 helmet of Life {Stlth+}
 19418 | Lair:3   | Killed Urug
 20221 | Lair:6   | Reached skill level 10 in Shields
 20244 | Lair:6   | Noticed Kirke
 20357 | Lair:6   | Killed Kirke
 20409 | Lair:6   | Received a gift from Okawaru
 20788 | Lair:6   | Found a runed translucent door.
 20821 | Lair:6   | Reached XP level 15. HP: 91/96 MP: 23/23
 21009 | Lair:6   | Found a viscous altar of Jiyva.
 21801 | Lair:6   | Identified the +0 leather armour of the Centipede {Dex+2}
 22341 | Lair:6   | Found a staircase to the Slime Pits.
 22735 | Lair:2   | Killed oldriver's ghost
 22899 | D:6      | Killed Maggie
 23658 | D:12     | Found a transporter.
 23661 | D:12     | Found a transporter.
 23742 | D:12     | Noticed Ickauwoh's ghost (journeyman DrAE)
 23745 | D:12     | Found a one-way gate to the infinite horrors of the Abyss.
 23806 | D:12     | Noticed a tentacled starspawn
 24939 | D:12     | Identified the +8 tower shield of Hedge Wizardry {rF+ Will+
                  | Int+2 Stlth-} (Okawaru gifted it to you on level 12 of the
                  | Dungeon)
 24939 | D:12     | Received a gift from Okawaru
 25116 | D:13     | Noticed Erolcha
 25415 | D:13     | Found a gate to the Vaults.
 25501 | D:13     | Killed Erolcha
 26312 | D:14     | Reached XP level 16. HP: 48/104 MP: 25/25
 27416 | D:15     | Entered Level 15 of the Dungeon
 27675 | D:15     | Received a gift from Okawaru
 27813 | D:15     | Found an iron altar of Okawaru.
 27927 | D:15     | Found a staircase to the Depths.
 28265 | D:15     | Identified the +0 ring mail "Vimoor" {rPois Int+3 SInv}
 28669 | D:13     | Reached skill level 5 in Dodging
 28669 | D:13     | Reached XP level 17. HP: 110/110 MP: 26/26
 28828 | Orc:1    | Entered Level 1 of the Orcish Mines
 28828 | Orc:1    | Found a frozen archway.
 28925 | IceCv    | Entered an ice cave
 29751 | Orc:1    | Found Luujivva's Armour Emporium.
 29889 | Orc:2    | Entered Level 2 of the Orcish Mines
 30156 | Orc:2    | Found a staircase to the Elven Halls.
 30165 | Orc:2    | Paralysed by an orc sorcerer for 6 turns
 30480 | Orc:2    | Noticed Sonja
 30497 | Orc:2    | Killed Sonja
 30504 | Orc:2    | Reached skill level 15 in Shields
 30998 | Orc:2    | Received a gift from Okawaru
 31356 | Orc:2    | Found Nifaihie's Armour Boutique.
 31356 | Orc:2    | Found Joam Koa's Jewellery Shop.
 31357 | Orc:2    | Found Ranaff's Assorted Antiques.
 31361 | Orc:2    | Found Sulyddia's Armour Boutique.
 31366 | Orc:2    | Bought 2 scrolls labelled BIRGHEZ QUOPS for 76 gold pieces
 31366 | Orc:2    | Bought a scroll labelled ALUIGUXKOPN for 38 gold pieces
 31642 | Shoals:1 | Entered Level 1 of the Shoals
 31893 | Shoals:1 | Noticed Josephine
 31911 | Shoals:1 | Killed Josephine
 31920 | Shoals:1 | Reached XP level 18. HP: 91/116 MP: 28/28
 32131 | Shoals:1 | Identified the +10 long sword "Toani" {vorpal, *Corrode
                  | Int+6}
 33888 | Shoals:2 | Found Fekuhopy's Distillery.
 34281 | Shoals:2 | Identified the +0 leather armour of the Pit {Harm rF+ rC+
                  | Will+}
 35371 | Shoals:3 | Identified the +1 plate armour of Dishonesty {-Tele rCorr
                  | SInv} (Okawaru gifted it to you on level 3 of the Shoals)
 35371 | Shoals:3 | Received a gift from Okawaru
 36731 | Shoals:4 | Entered Level 4 of the Shoals
 37255 | Shoals:4 | Noticed Donald
 37806 | Shoals:4 | Received a gift from Okawaru
 38017 | Shoals:4 | Got a barnacled rune of Zot
 38638 | Shoals:4 | Identified the ring "Hetig" {Drain rCorr Str+6 Int+8 Dex+5}
 38766 | Shoals:3 | Killed Donald
 38945 | Elf:1    | Entered Level 1 of the Elven Halls
 38957 | Orc:2    | Reached XP level 19. HP: 110/123 MP: 29/29
 38977 | Elf:1    | Reached skill level 15 in Fighting
 39130 | Elf:1    | Noticed Agnes
 39148 | Elf:1    | Killed Agnes
 39253 | Elf:1    | Paralysed by an air elemental for 1 turns
 39260 | Elf:1    | Paralysed by an air elemental for 1 turns
 39295 | Elf:1    | Paralysed by an air elemental for 1 turns
 39475 | Elf:1    | Identified the +4 plate armour of Xeih {rC+ Regen+ Int+2}
                  | (Okawaru gifted it to you on level 1 of the Elven Halls)
 39475 | Elf:1    | Received a gift from Okawaru
 39642 | Elf:1    | Paralysed by an air elemental for 1 turns
 39648 | Elf:1    | Identified a ring "Atuvig" {rF+ Int+8}
 40225 | Elf:1    | Paralysed by an air elemental for 1 turns
 40798 | Elf:2    | Found a shimmering blue altar of Sif Muna.
 40816 | Elf:2    | Paralysed by an air elemental for 1 turns
 40823 | Elf:2    | Paralysed by an air elemental for 1 turns
 40916 | Elf:2    | Found a runed translucent gate.
 40935 | Elf:2    | Found a runed translucent gate.
 40936 | Elf:2    | Found a runed translucent gate.
 40972 | Elf:2    | Reached skill level 15 in Invocations
 41415 | Elf:2    | Reached skill level 1 in Axes
 42327 | Elf:2    | Received a gift from Okawaru
 42821 | Elf:3    | Entered Level 3 of the Elven Halls
 42928 | Elf:3    | Paralysed by an air elemental for 1 turns
 43977 | Elf:3    | Paralysed by an air elemental for 1 turns
 44186 | Elf:3    | Reached XP level 20. HP: 61/130 MP: 28/31
 44597 | Elf:3    | Cast into level 2 of the Abyss (a deep elf demonologist)
 44890 | Abyss:2  | Paralysed by you for 4 turns
 44929 | Abyss:2  | Noticed a profane servitor
 45343 | Abyss:2  | Killed from afar by a Hell Sentinel

Illustrated notes

Levels and vault maps discovered:
D:1:      evilmike_arrival_hilbert_curve, layout_loops_ring,
          shapermc_ecumenical_altar_totnotflames
D:2:      layout_basic, minmay_pentomino_w2, uniq_jessica
D:3:      layout_rooms, general_overflow_altar
D:4:      layout_cave_pools, minmay_temple_entry_grid
D:5:      layout_loops_ring, mainiacjoe_overflow_alcove_4, hex_large,
          minmay_misc_feat_encased, uniq_duvessa
D:6:      layout_gridville, uniq_maggie
D:7:      layout_basic, kennysheep_mini, nrook_mini_vaults,
          kennysheep_generic_room_6
D:8:      layout_rooms, mainiacjoe_overflow_cross_hatched
D:9:      layout_loops_cross, david_lair_generic, zombieorc2_lemuel
D:10:     layout_loops_cross, nicolae_elyvilon_peaceful_grove,
          mainiacjoe_overflow_catwalk, fedhas_altar_4,
          minmay_overflow_temple_star_quad, serial_shops, shop,
          chequers_arboretum, minmay_misc_feat_four_crosses, grunt_ministairs_6,
          uniq_maurice
D:11:     layout_basic
D:12:     layout_grid_maze, gammafunk_ghost_abyssal_escape
D:13:     layout_basic, lightli_vaults_fourway_checkpoint, uniq_erolcha
D:14:     layout_basic, hex_tiny, minmay_holes
D:15:     hangedman_depths_entry_try_elsewhere_first, layout_gridville,
          okawaru_trees_2
Temple:   nicolae_temple_hex_pool
Lair:1:   layout_roguey, ebering_ghost_inner_flame
Lair:2:   layout_roguey [special_room_bee], nicolae_spider_entry_tight_spaces,
          beast_lair_carwin_1, serial_bayou_shore_a
Lair:3:   layout_gridlike, uniq_urug
Lair:4:   layout_regular_city, elwin_shoals_entry_stream, wad_woods_03,
          infiniplex_staircase_pool
Lair:5:   layout_regular_city, lightli_volcano_entry_magma_tube,
          gammafunk_ghost_arena
Lair:6:   guppyfry_lair_end_dragon, layout_gridlike,
          hangedman_lair_caniforms_friends, slime_altar_2,
          small_statue_intersection, uniq_kirke
Shoals:1: layout_shoals, nicolae_shoals_nymph_descending_staircase,
          uniq_josephine
Shoals:2: layout_shoals, serial_shops, nicolae_shop_advertising_works
          [nicolae_subvault_shop_adworks], nicolae_shoals_secluded_bog
Shoals:3: layout_shoals
Shoals:4: shoals_end_grunt_ice, layout_shoals, overgrown_hall, uniq_donald
Orc:1:    layout_caves, portal_ice_cave_entry_pillars_1, serial_shops, shop
Orc:2:    st_orc_mages, layout_diamond_mine, basic_altar, uniq_sonja
Elf:1:    nicolae_elf_arrival_fired_up, layout_loops_corners, uniq_agnes
Elf:2:    elven_hall_of_blades_hangedman_original
          [nicolae_blade_entry_floor_patterns], layout_loops_cross, basic_altar,
          grunt_ministairs_2
Elf:3:    minmay_elf_hall_hex, layout_geoelf_grid, drop_trap, minivault_23
Abyss:2:  base:
D:12

Skill      XL: |  1  2  3  4  5  6  7  8  9 10 11 12 13 14 15 16 17 18 19 20 |
---------------+-------------------------------------------------------------+-----
Armour         | 4 5 6 7 8 9 10 11 12 13 | 13.7
Maces & Flails | 3 4 5 7 8 10 12 13 14 16 17 18 | 18.4
Fighting       | 4 5 6 7 8 9 11 13 14 15 | 15.6
Dodging        | 1 2 3 4 5 6 |  6.1
Stealth        | 1 3 4 |  4.0
Shields        | 4 5 6 7 9 10 12 14 15 17 18 | 18.8
Invocations    | 2 4 6 8 9 10 11 12 13 14 15 | 15.7
Evocations     | 1 |  1.1
Axes           | 2 3 |  3.2

Action                   |  1- 3 |  4- 6 |  7- 9 | 10-12 | 13-15 | 16-18 | 19-21 || total
-------------------------+-------+-------+-------+-------+-------+-------+-------++-------
Melee: Flail             |   114 |    83 |       |       |       |       |       ||   197
       Whip              |       |   105 |   169 |       |       |       |     6 ||   280
       Morningstar       |       |       |   160 |   737 |  1079 |  1206 |   647 ||  3829
       War axe           |       |       |       |       |   414 |   353 |   231 ||   998
Invok: Heroism           |       |       |       |     4 |     4 |    10 |     6 ||    24
Evoke: Wand              |       |       |       |    11 |       |       |     1 ||    12
       Tin of tremorston |       |       |       |       |       |     2 |       ||     2
       Phial of floods   |       |       |       |       |       |     1 |     1 ||     2
  Use: Potion            |       |       |     4 |     1 |       |     2 |     3 ||    10
       Scroll            |       |       |     5 |     1 |    14 |     9 |     4 ||    33
 Stab: Petrified         |       |       |       |       |     2 |       |       ||     2
       Petrifying        |       |       |       |       |     1 |       |       ||     1
       Invisible         |       |       |       |       |       |       |     1 ||     1
       Paralysed         |       |       |       |       |       |       |     4 ||     4
Armor: Scale mail        |    95 |    84 |       |       |       |       |       ||   179
       Chain mail        |       |    35 |   250 |   522 |   969 |   629 |   312 ||  2717
Dodge: Dodged            |    70 |    82 |   130 |   320 |   545 |   293 |   160 ||  1600
Block: Buckler           |    24 |    36 |    78 |   210 |   527 |       |       ||   875
       Tower shield      |       |       |       |       |   160 |  2054 |   966 ||  3180

Table legend: (Time is in decaauts)
 A = Elapsed time spent in this place.
 B = Non-inter-level travel time spent in this place.
 C = Inter-level travel time spent in this place.
 D = Time resting spent in this place.
 E = Time spent auto-exploring this place.
 F = Levels seen in this place.
 G = Mean time per level.
                   A        B        C        D        E       F      G
               +--------+--------+--------+--------+--------+-----+--------+
         Total |  45049 |  42910 |   2139 |   5386 |  26497 |  34 | 1325.0 |
       Dungeon |  16810 |  15778 |   1032 |   1658 |  10599 |  15 | 1120.7 |
        Temple |    130 |     90 |     40 |      0 |     75 |   1 |  130.0 |
          Lair |  11172 |  10555 |    617 |    675 |   7394 |   6 | 1862.0 |
        Shoals |   7110 |   6883 |    227 |    622 |   4682 |   4 | 1777.5 |
  Orcish Mines |   2090 |   1975 |    115 |    253 |   1129 |   2 | 1045.0 |
   Elven Halls |   5542 |   5435 |    107 |   1264 |   2423 |   3 | 1847.3 |
         Abyss |    765 |    765 |      0 |    344 |      0 |   1 |  765.0 |
      Ice Cave |    645 |    645 |      0 |    253 |     61 |   1 |  645.0 |
       Volcano |    781 |    781 |      0 |    317 |    134 |   1 |  781.0 |
               +--------+--------+--------+--------+--------+-----+--------+

Top non-repeatable levels by time:
  Lair:6: 2501 daAuts
   Elf:2: 2151 daAuts
Shoals:3: 2141 daAuts
  Lair:4: 2017 daAuts
  Lair:2: 1989 daAuts
    D:12: 1769 daAuts
   Elf:3: 1745 daAuts
  Lair:3: 1731 daAuts
Shoals:4: 1692 daAuts
Shoals:1: 1650 daAuts
   Elf:1: 1646 daAuts
Shoals:2: 1625 daAuts
    D:10: 1549 daAuts
  Lair:1: 1484 daAuts
  Lair:5: 1448 daAuts
